 Dungeon Crawl Stone Soup version 0.29.0-13-gc9e81de378 (console) character file.

Game seed: 5465214312854569915

841 erker the Chopper (level 7, -7/61 HPs)
             Began as a Minotaur Fighter on Sept 10, 2022.
             Killed by divine providence
             ... invoked by an orc priest
              (17 damage)
             ... on level 5 of the Dungeon.
             The game lasted 00:08:14 (4074 turns).

erker the Chopper (Minotaur Fighter)                Turns: 4074, Time: 00:08:15

Health: -7/61      AC:  7    Str: 22      XL:     7   Next: 67%
Magic:  6/6        EV: 10    Int:  3 (5)  God:
Gold:   218        SH:  4    Dex:  8 (10) Spells: 6/6 levels left

rFire   . . .      SeeInvis .   a - +0 war axe
rCold   . . .      Faith    .   c - +0 buckler
rNeg    . . .      Spirit   .   b - +0 scale mail
rPois   .          Reflect  .   (helmet restricted)
rElec   .          Harm     .   (no cloak)
rCorr   .          Rampage  .   (no gloves)
Will    .....                   (no boots)
Stlth   ..........              (no amulet)
HPRegen 0.20/turn               (no ring)
MPRegen 0.10/turn               (no ring)

@: no status effects
A: horns 2, retaliatory headbutt
a: no special abilities


You were on level 5 of the Dungeon.
You visited 1 branch of the dungeon, and saw 5 of its levels.

You collected 218 gold pieces.

Inventory:

Hand Weapons
 a - a +0 war axe (weapon)
Armour
 b - a +0 scale mail (worn)
 c - a +0 buckler (worn)
 w - the +0 leather armour of Nobrasoi {*Slow rElec rPois Int+3}
   (You found it on level 4 of the Dungeon)

   Int:       It affects your intelligence (+3).
   rElec:     It insulates you from electricity.
   rPois:     It protects you from poison.
   *Slow:     It may slow you when you take damage.
Wands
 k - a wand of digging (2)
 u - a wand of iceblast (1)
Scrolls
 d - a scroll of noise {unknown}
 e - 2 scrolls of torment {unknown}
 f - a scroll of enchant armour {unknown}
 g - 5 scrolls of silence {unknown}
 h - 5 scrolls of amnesia {unknown}
 j - 3 scrolls of identify {unknown}
 l - 2 scrolls of butterflies {unknown}
 o - 2 scrolls of fear {unknown}
 q - a scroll of immolation {unknown}
 r - 2 scrolls of enchant weapon {unknown}
 s - a scroll of blinking {unknown}
 y - a scroll of teleportation {unknown}
Potions
 i - a potion of lignification
 m - a potion of degeneration
 n - a potion of berserk rage {unknown}
 p - a potion of heal wounds {unknown}
 t - a potion of resistance {unknown}
 v - a potion of haste {unknown}
 x - 2 potions of cancellation {unknown}
 z - a potion of attraction {unknown}


   Skills:
 + Level 5.5 Fighting
 * Level 6.4 Axes
 + Level 5.4 Armour
 + Level 4.2 Dodging
 - Level 3.6 Shields
 + Level 2.4 Evocations


You had 6 spell levels left.
You didn't know any spells.
Your spell library was empty.

Dungeon Overview and Level Annotations

Branches:
Dungeon (5/15)
 Temple: D:4-7

Altars:
Hepliaklqana
Zin


Innate Abilities, Weirdness & Mutations

You have a pair of horns on your head.
You reflexively headbutt those who attack you in melee.


Message History

The orc shouts!
You are too injured to fight recklessly!
You are too injured to fight recklessly!
Found 5 gold pieces.
An iguana comes into view.
Found a potion of curing.
The iguana hisses angrily.
An orc wizard comes into view. It is wielding a +0 dagger.
The orc hits you with a +0 flail.
You hit the orc.
The orc is severely wounded.
The orc closely misses you. You furiously retaliate!
You headbutt the orc.
You kill the orc!
A dart slug comes into view.
Found a stone staircase leading up.
Things that are here:
a +0 flail; an orc corpse You barely miss the orc wizard.
The iguana hisses menacingly.
The orc wizard hits you with a +0 dagger.
You barely miss the orc wizard. You block the orc wizard's attack.
You slash the orc wizard!
The orc wizard is almost dead.
The orc wizard points at you and mumbles some strange words.
The puff of flame hits you!
* * * LOW HITPOINT WARNING * * *
An orc priest comes into view. It is wielding a +0 dagger.
You block the iguana's attack.
The orc wizard points at you and mumbles some strange words.
The magic dart hits you!
* * * LOW HITPOINT WARNING * * *
The orc wizard attacks as you move away!
The orc wizard closely misses you.
The orc priest shouts!
You block the iguana's attack.
The orc wizard points at you and mumbles some strange words.
The magic dart hits you but does no damage.
The orc priest calls down the wrath of Beogh upon you.
Beogh smites you!
You die...

... ###.###.. <
#..#.....#.# ..
#..#.....#.# ...
#..(......#
..####.#.....#.########
.... #.....#........#
###o#####.#####.###..#
#...).#.....#.....#..#
.#...l@#.#.#.#.⌠.⌠.#...
.!$.......).#.....⌠......
..o#.....#.#.#.#.⌠.⌠.#.##
.. #...w.#.....#.....#.#
. ###.#####.#####.###.#
... ...8 .......# .##.
....#..###### . ..
..8..... .....#..


You could see an iguana, an orc priest, an orc wizard and a dart slug.

Vanquished Creatures
  A water moccasin (D:3)
  A black bear (D:5)
  An ogre (D:4)
  2 phantoms
  3 howler monkeys
  A jelly (D:4)
  2 hounds
  Natasha (twice) (D:4)
  Terence (D:2)
  An orc wizard (D:5)
  2 adders
  2 gnolls (D:2)
  An ufetubus (D:3)
  A worm (D:3)
  2 dart slugs (D:2)
  3 orcs
  4 bats
  7 endoplasms
  4 giant cockroaches
  5 hobgoblins
  2 quokkas (D:1)
  7 ball pythons
  A frilled lizard (D:3)
  5 goblins
  6 kobolds
  6 rats
73 creatures vanquished.

Notes
Turn   | Place    | Note
-------+----------+-------------------------------------------
     0 | D:1      | erker the Minotaur Fighter began the quest for the Orb.
     0 | D:1      | Reached XP level 1. HP: 19/19 MP: 0/0
   133 | D:1      | Reached skill level 1 in Dodging
   267 | D:1      | Reached XP level 2. HP: 17/24 MP: 1/1
   582 | D:1      | Found a faded altar of an unknown god.
   814 | D:2      | Noticed Terence
   818 | D:2      | Killed Terence
   819 | D:2      | Reached skill level 3 in Axes
   819 | D:2      | Reached XP level 3. HP: 21/33 MP: 2/2
  1010 | D:2      | Found a hazy altar of Hepliaklqana.
  1130 | D:2      | Reached XP level 4. HP: 21/40 MP: 3/3
  2600 | D:4      | Identified the +0 leather armour of Nobrasoi {*Slow rElec
                  | rPois Int+3}
  2607 | D:4      | Noticed an ogre
  2623 | D:4      | Killed an ogre
  2624 | D:4      | Reached skill level 4 in Axes
  2624 | D:4      | Reached skill level 1 in Evocations
  2624 | D:4      | Reached XP level 5. HP: 31/47 MP: 4/4
  2948 | D:4      | Noticed Natasha
  2954 | D:4      | Killed Natasha
  3173 | D:4      | Noticed Natasha
  3179 | D:4      | Killed Natasha
  3180 | D:4      | Reached XP level 6. HP: 47/53 MP: 5/5
  3314 | D:4      | Reached skill level 5 in Axes
  3552 | D:4      | Found a glowing silver altar of Zin.
  3602 | D:4      | Noticed a water moccasin
  3648 | D:3      | Killed a water moccasin
  3649 | D:3      | Reached skill level 5 in Fighting
  3649 | D:3      | Reached skill level 5 in Armour
  3649 | D:3      | Reached XP level 7. HP: 10/61 MP: 6/6
  3982 | D:5      | Entered Level 5 of the Dungeon
  4060 | D:5      | Reached skill level 6 in Axes
  4074 | D:5      | Killed from afar by an orc priest

Illustrated notes

Levels and vault maps discovered:
D:1:      dpeg_arrival_pits, layout_basic, ebering_ecumenical_altar_webs
D:2:      layout_loops_cross, basic_altar, uniq_terence
D:3:      layout_basic, hangedman_decor_growths, minmay_misc_feat_enclosed,
          roderic_lattice_a, minmay_misc_feat_plants
D:4:      cheibrodos_quashed, layout_cave_pools, zin_treasury, serial_glass,
          glass_columns_b, glass_columns_a, glass_columns_a, glass_columns_b,
          glass_columns_b, glass_columns_b, minmay_joined_circles, uniq_natasha
D:5:      layout_layer_cave, minmay_temple_entry_tees, minmay_chambers_of_fives

Skill      XL: |  1  2  3  4  5  6  7 |
---------------+----------------------+-----
Dodging        | 1 2 3 4 |  4.2
Axes           | 3 4 5 6 |  6.4
Fighting       | 4 5 |  5.5
Armour         | 4 5 |  5.4
Evocations     | 1 2 |  2.4
Shields        | |  3.6

Action                   |  1- 3 |  4- 6 |  7- 9 || total
-------------------------+-------+-------+-------++-------
Melee: War axe           |    58 |    92 |    26 ||   176
       Headbutt          |     5 |    10 |     2 ||    17
Evoke: Wand              |       |     4 |       ||     4
  Use: Potion            |       |     3 |     2 ||     5
Armor: Scale mail        |    25 |    39 |    12 ||    76
Dodge: Dodged            |    39 |    48 |    27 ||   114
Block: Buckler           |    16 |    27 |     9 ||    52
